cohdb
Replays
Latest Replays
All Replays
Popular Replays
Top Player Replays
Match Explorer
How It Works
Community
CoH3 Stats
Reddit
Sign in to upload your games and track your stats! →
Sign in with Steam
Match 42707036
Unlisted
Match 42707036
Overview
Messages
Build Orders
End
Construct Infanterie Kompanie
Grenadier Squad
Grenadier Squad
Grenadier Squad
Infanterie Officer Quarters
MG 42 Machine Gun Team
Selects Breakthrough Battlegroup
Selects Assault Grenadiers
Construct Panzergrenadier Kompanie
GrW 34 Mortar Team
Panzergrenadier Squad
Support Elements
Selects Breakthrough
Breakthrough
Pak 40 Anti-tank Gun Team
Nebelwerfer 42 Rocket Launcher Team
Medical Bunker
StuG III G Assault Gun
Breakthrough
Panzergrenadier Officer Quarters
Selects Incendiary Bombing Run
Incendiary Bombing Run
Side Skirts
Breakthrough
Selects Rapid Production
StuG III G Assault Gun
StuG III G Assault Gun
Incendiary Bombing Run
insane
iceman
Sappi †
William fell
0
0
Comments
sign in to comment!
No comments posted yet!